 Dungeon Crawl Stone Soup version 0.31-a0-358-gac0dbeb3ab (webtiles) character file.

Game seed: 15829239942736310941

9277 Essalna the Zephyrmancer (level 11, -10/69 HPs)
             Began as a Tengu Air Elementalist on July 26, 2023.
             Was an Initiate of Vehumet.
             Mangled by a very large slime creature (23 damage)
             ... on level 10 of the Dungeon.
             The game lasted 00:27:58 (13286 turns).

Essalna the Zephyrmancer (Tengu Air Elementalist)  Turns: 13286, Time: 00:27:58

Health: -10/69     AC: 12    Str:  8    XL:     11   Next: 44%
Magic:  15/27      EV: 16    Int: 20    God:    Vehumet [......]
Gold:   559        SH:  0    Dex: 15    Spells: 7/18 levels left

rFire   . . .        s - +2 whip (venom)
rCold   . . .        l - +1 buckler
rNeg    . . .        H - +0 troll leather armour
rPois   .            (helmet restricted)
rElec   .            k - +2 cloak {Will+}
rCorr   .            (no gloves)
SInv    .            (boots unavailable)
Will    +....        (no amulet)
Stlth   +            i - +4 ring of protection
HPRegen 1.11/turn    I - ring of magical power
MPRegen 0.20/turn

%: no passive effects
@: confused, ambrosia-drunk, flying quickly and evasively, studying Armour,
quick
A: beak, talons 3, nimble flight
a: Renounce Religion


You were on level 10 of the Dungeon.
You worshipped Vehumet.
Vehumet was noncommittal.
You visited 2 branches of the dungeon, and saw 11 of its levels.
You also visited: Bailey.

You collected 839 gold pieces.
You spent 280 gold pieces at shops.

Inventory:

Hand Weapons
 e - a +1 whip of electrocution
 s - a +2 whip of venom (weapon)
Missiles
 B - a throwing net
Armour
 a - a +0 robe
 j - a +2 robe of positive energy
 k - a +2 cloak of willpower (worn)
 l - a +1 buckler (worn)
 G - an orb of energy
 H - a +0 troll leather armour (worn)
Magical Staves
 f - a staff of air
Jewellery
 i - a +4 ring of protection (left hand)
 u - a +6 ring of dexterity
 v - a ring of fire
 C - a ring of see invisible
 I - a ring of magical power (right hand)
 K - a ring of wizardry
Wands
 c - a wand of quicksilver (4)
 r - a wand of flame (24)
 y - a wand of digging (7)
 A - a wand of mindburst (5)
 E - a wand of charming (15)
Scrolls
 n - 6 scrolls of identify
 o - 2 scrolls of silence
 t - 2 scrolls of teleportation
 w - 5 scrolls of enchant weapon
 F - 2 scrolls of immolation {unknown}
 J - a scroll of amnesia {unknown}
Potions
 b - 2 potions of heal wounds
 d - a potion of ambrosia
 g - 5 potions of lignification {unknown}
 h - 3 potions of mutation {unknown}
 m - a potion of degeneration {unknown}
 p - a potion of attraction {unknown}
 q - a potion of brilliance {unknown}
 x - a potion of berserk rage {unknown}
 z - a potion of invisibility {unknown}
 D - a potion of might


   Skills:
 + Level 8.7 Fighting
 + Level 7.6 Armour
 + Level 5.8 Dodging
 - Level 2.0 Stealth
 - Level 4.0 Shields
 - Level 4.0 Spellcasting
 + Level 11.4 Conjurations
 + Level 12.0 Air Magic


You had 7 spell levels left.
You knew the following spells:

 Your Spells              Type           Power      Damage    Failure   Level
a - Shock                 Conj/Air       100%       1d9       1%          1
b - Static Discharge      Conj/Air       100%       2-7/arc   1%          2
c - Swiftness             Air            51%        N/A       1%          3
d - Arcjolt               Conj/Air       25%        1d35      6%          5

Your spell library contained the following spells:

 Spells                   Type           Power      Damage    Failure   Level
 Airstrike                Air            25%        2d(4-20)  1%          4
 Poisonous Vapours        Pois/Air       56%        N/A       3%          2
 Mephitic Cloud           Conj/Pois/Air  35%        N/A       3%          3
 Vhi's Electric Charge    Tloc/Air       56%        N/A       7%          3
 Freezing Cloud           Conj/Ice/Air   17%        6-21      28%         5
 Ensorcelled Hibernation  Hex/Ice        8%         N/A       36%         2
 Passwall                 Tmut/Erth      3%         N/A       36%         2
 Inner Flame              Hex/Fire       4%         N/A       61%         3
 Summon Guardian Golem    Hex/Summ       4%         N/A       61%         3
 Orb of Destruction       Conj           24%        9d9       90%         7
 Yara's Violent Unravell  Hex/Tmut       2%         3d3       100%        5
 Enfeeble                 Hex            2%         N/A       100%        7
 Spellforged Servitor     Conj/Summ      13%        N/A       100%        7
 Maxwell's Capacitive Co  Air            25%        ∞         100%        8


Dungeon Overview and Level Annotations

Branches:
Dungeon (10/15)            Temple (1/1) D:7            Lair (0/5) D:10
 Bailey (visited)
    Orc: D:9-12

Altars:
Ashenzari
Cheibriados
Dithmenos
Elyvilon
Fedhas
Gozag
Hepliaklqana
Kikubaaqudgha
Makhleb
Nemelex Xobeh
Okawaru
Qazlal
Ru
Sif Muna
Trog
Uskayaw
Vehumet
Wu Jian
Xom
Yredelemnul
Zin
The Shining One

Shops:
D:1 [   D:2 [**(   D:5 *   D:8 *   D:9 =


Innate Abilities, Weirdness & Mutations

You have a beak for a mouth.
You have claws for feet.
Your magical nature lets you fly swiftly and evasively.


Message History

The very large slime creature is struck by an arc of lightning.
The very large slime creature is heavily wounded.
You are struck by an arc of lightning.
The very large slime creature is struck by an arc of lightning.
The very large slime creature is heavily wounded.
You are struck by an arc of lightning.
The lightning grounds out.
The very large slime creature hits you!
Casting: Static Discharge (safe; 1% risk of failure)
Confirm with . or Enter, or press ? or * to list all spells.
The very large slime creature is struck by an arc of lightning.
The very large slime creature is heavily wounded.
You are struck by an arc of lightning.
The very large slime creature is struck by an arc of lightning.
The very large slime creature is heavily wounded.
You are struck by an arc of lightning.
* * * LOW HITPOINT WARNING * * *
The lightning grounds out.
The very large slime creature barely misses you.
Okay, then.
Aiming: Quicksilver Bolt
Press: ? - help, Shift-Dir - straight line, f/p - very large slime creature
Aim: a very large slime creature (heavily wounded, 94% to hit)
The bolt of dispelling energy hits the very large slime creature!
The very large slime creature is severely wounded.
The very large slime creature hits you!
* * * LOW HITPOINT WARNING * * *
Aiming: Quicksilver Bolt
Press: ? - help, Shift-Dir - straight line, f/p - very large slime creature
Aim: a very large slime creature (severely wounded, 94% to hit)
The bolt of dispelling energy hits the very large slime creature!!
The very large slime creature is severely wounded.
You block the very large slime creature's attack.
Okay, then.
Unknown command.
Unknown command.
It was a potion of ambrosia.
You are confused.
You feel invigorated.
The very large slime creature hits you!!
You die...

#.# #...# ..#.# #...### ..#.#
#...'.. ..#.# #...### ..#.# #####
.J#.# ..#.#
..#.#############################
...............J@.............)..
..###############################
.. #. #. #. ##


You could see a very large slime creature.

Vanquished Creatures
  A fire crab (D:10)
  Lodul (D:10)
  An orc knight (Bailey)
  A gargoyle (D:10)
  An unseen horror (D:10)
  Psyche (D:10)
  A troll (D:9)
  Grinder (D:3)
  2 wyverns
  9 yaks
  A steam dragon (D:7)
  2 water moccasins (D:6)
  An acid dragon (D:8)
  2 sky beasts
  An ice beast (D:7)
  8 orc warriors (Bailey)
  A black bear (D:5)
  9 ogres
  3 centaurs
  3 phantoms
  2 kobold brigands
  4 bullfrogs
  A gnoll sergeant (D:8)
  A scorpion (D:4)
  10 wights
  6 killer bees (D:10)
  2 howler monkeys (D:9)
  A hound (D:4)
  6 orc priests
  3 iguanas
  Crazy Yiuf (D:3)
  5 orc wizards
  Natasha (D:3)
  8 adders
  8 gnolls
  3 white imps
  5 worms
  A dart slug (D:1)
  30 orcs
  7 ball pythons
  5 endoplasms
  A giant cockroach (D:4)
  8 goblins
  7 hobgoblins
  A quokka (D:3)
  6 bats
  2 frilled lizards (D:2)
  8 kobolds
  5 rats
198 creatures vanquished.

Notes
Turn   | Place    | Note
-------+----------+-------------------------------------------
     0 | D:1      | Essalna the Tengu Air Elementalist began the quest for the
                  | Orb.
     0 | D:1      | Reached XP level 1. HP: 10/10 MP: 4/4
   123 | D:1      | Reached XP level 2. HP: 9/16 MP: 1/6
   203 | D:1      | Found Cyeqamyv's Antique Armour Shoppe.
   493 | D:1      | Reached skill level 1 in Fighting
   599 | D:1      | Found a faded altar of an unknown god.
   863 | D:2      | Found Vaubaiss's Assorted Antiques.
   883 | D:2      | Reached XP level 3. HP: 20/20 MP: 4/7
   944 | D:2      | Learned a level 2 spell: Static Discharge
   948 | D:2      | Learned a level 3 spell: Swiftness
   949 | D:2      | You fall into a shaft and drop 2 floors!
  1050 | D:4      | Noticed a scorpion
  1056 | D:4      | Reached XP level 4. HP: 23/26 MP: 0/8
  1061 | D:4      | Killed a scorpion
  1062 | D:4      | Reached skill level 5 in Air Magic
  1062 | D:4      | Gained mutation: Your magical nature lets you fly swiftly
                  | and evasively. [Tengu growth]
  1062 | D:4      | Reached XP level 5. HP: 12/31 MP: 0/9
  1195 | D:4      | Found a glowing golden altar of the Shining One.
  1196 | D:4      | Found a sacrificial altar of Ru.
  1389 | D:3      | Noticed Grinder
  1392 | D:2      | Found Sitrest's Antique Weapon Boutique.
  1476 | D:2      | Found Ecrawniudd's Antique Armour Shoppe.
  2121 | D:2      | Found Rimal's Antique Weapon Boutique.
  2303 | D:2      | Found Astireni's General Store.
  2792 | D:3      | Killed Grinder
  2793 | D:3      | Reached skill level 6 in Air Magic
  2793 | D:3      | Reached XP level 6. HP: 25/37 MP: 1/11
  2980 | D:3      | Reached skill level 5 in Conjurations
  2987 | D:3      | Reached XP level 7. HP: 41/41 MP: 4/12
  3183 | D:3      | Learned a level 5 spell: Arcjolt
  3207 | D:3      | Found a shadowy altar of Dithmenos.
  3396 | D:3      | Noticed Natasha
  3402 | D:3      | Killed Natasha
  3465 | D:3      | Found a runed translucent door.
  3466 | D:3      | Noticed Crazy Yiuf
  3471 | D:3      | Killed Crazy Yiuf
  4000 | D:4      | Found a basalt altar of Yredelemnul.
  4002 | D:4      | Found a sparkling altar of Nemelex Xobeh.
  4391 | D:5      | Entered Level 5 of the Dungeon
  4721 | D:5      | Reached skill level 7 in Air Magic
  4951 | D:5      | Found Atepsaypp's Assorted Antiques.
  5191 | D:5      | Reached XP level 8. HP: 48/48 MP: 12/14
  5696 | D:5      | Reached skill level 1 in Shields
  6157 | D:6      | Found an ornate altar of the Wu Jian Council.
  6287 | D:5      | Noticed a rust devil
  6287 | D:5      | Noticed a rust devil
  6336 | D:6      | Reached skill level 5 in Fighting
  6336 | D:6      | Reached skill level 8 in Air Magic
  6586 | D:6      | Found an iron altar of Okawaru.
  6821 | D:6      | Reached XP level 9. HP: 35/54 MP: 5/16
  7202 | D:7      | Found a staircase to the Ecumenical Temple.
  7232 | Temple   | Entered the Ecumenical Temple
  7443 | D:7      | Found a flagged portal.
  7452 | Bailey   | Entered a bailey
  7561 | Bailey   | Reached skill level 9 in Air Magic
  8249 | Bailey   | Noticed an orc knight
  8432 | Bailey   | Killed an orc knight
  8433 | Bailey   | Reached skill level 10 in Air Magic
  8558 | D:7      | Reached skill level 1 in Armour
  8558 | D:7      | Reached XP level 10. HP: 54/63 MP: 17/17
  8685 | D:7      | Found a snail-covered altar of Cheibriados.
  8687 | D:7      | Found a glowing silver altar of Zin.
  9887 | D:8      | Reached skill level 10 in Conjurations
  9946 | D:8      | Found Wugidugo's CLEARANCE SALE!.
 10613 | D:8      | Reached skill level 11 in Air Magic
 10910 | D:8      | Reached skill level 5 in Armour
 11595 | D:9      | Found Barrohir's Jewellery Emporium.
 11602 | D:9      | Bought a ring of magical power for 280 gold pieces
 12189 | D:10     | Entered Level 10 of the Dungeon
 12270 | D:10     | Killed an unseen horror
 12271 | D:10     | Reached XP level 11. HP: 34/68 MP: 18/18
 12313 | D:10     | Noticed a fire crab
 12315 | D:10     | Found a staircase to the Lair.
 12347 | D:10     | Killed a fire crab
 12348 | D:10     | Reached skill level 5 in Dodging
 12517 | D:10     | Noticed Psyche
 12526 | D:10     | Killed Psyche
 12538 | D:10     | Noticed Lodul
 12726 | D:10     | Found a radiant altar of Vehumet.
 12734 | D:10     | Became a worshipper of Vehumet
 12756 | D:10     | Killed Lodul
 12769 | D:10     | Reached skill level 12 in Air Magic
 12912 | D:10     | Found a burning altar of Makhleb.
 13286 | D:10     | Mangled by a very large slime creature

Illustrated notes

Levels and vault maps discovered:
D:1:      dpeg_arrival_subterranean_lakeside_camping, layout_rooms,
          serial_shops, nicolae_shop_pleasant_corner_grove,
          hellmonk_ecumenical_altar_lost_god
D:2:      layout_loops_corners, serial_shops, nicolae_shop_overgrown_old_shop,
          shop, nicolae_shop_tiny_real_fake_doors, nicolae_shop_hallway_stairs,
          nicolae_shop_hallway_stairs, grunt_ministairs_6, dk_noncrumbling_2
D:3:      layout_rooms, mainiacjoe_overflow_cross_hatched, serial_curves,
          eino_curves_03, eino_curves_03, eino_curves_01, uniq_grinder,
          uniq_crazy_yiuf_cottage, uniq_natasha
D:4:      layout_loops_corners, nicolae_overflow_hidden_temple
D:5:      cheibrodos_iron_armory, layout_loops_corners, serial_shops,
          nicolae_stop_n_shop_1, roderic_serpentine_path, bh_walls_and_bars
D:6:      layout_loops_ring, lemuel_crystal_altar, kennysheep_okawaru_gauntlet
D:7:      layout_gridville, mainiacjoe_overflow_catwalk_spiral,
          minmay_temple_entry_junction, enter_bailey_8
D:8:      layout_basic, nicolae_shop_clearance
D:9:      layout_layer_cave, serial_shops, nicolae_shop_gaudy_bauble
D:10:     layout_basic, lemuel_round_altar, mainiacjoe_overflow_catwalk,
          minmay_lair_entry_lava, uniq_lodul, uniq_psyche
Temple:   minmay_freezing_vapour_temple

Skill      XL: |  1  2  3  4  5  6  7  8  9 10 11 |
---------------+----------------------------------+-----
Conjurations   | 2 3 4 5 6 7 9 10 11 | 11.4
Fighting       | 1 2 3 4 5 7 8 |  8.7
Air Magic      | 5 6 7 8 10 11 12 | 12.0
Spellcasting   | 3 4 |  4.0
Shields        | 3 4 |  4.0
Armour         | 1 6 7 |  7.6
Dodging        | 4 5 |  5.8
Stealth        | |  2.0

Action                     |  1- 3 |  4- 6 |  7- 9 | 10-12 || total
---------------------------+-------+-------+-------+-------++-------
  Melee: Unarmed           |     8 |       |       |       ||     8
         Kick              |     4 |     4 |    14 |    13 ||    35
         Peck              |     1 |     3 |     6 |     5 ||    15
         Whip              |     5 |       |     6 |    18 ||    29
         Staff             |       |    10 |    30 |     7 ||    47
         Punch             |       |       |     1 |       ||     1
   Cast: Shock             |    53 |    60 |   233 |   189 ||   535
         Static Discharge  |       |     2 |    38 |    80 ||   120
  Evoke: Wand              |       |       |     9 |     8 ||    17
    Use: Potion            |     1 |     1 |     2 |     1 ||     5
         Scroll            |       |     4 |     5 |       ||     9
   Stab: Sleeping          |     1 |       |     3 |       ||     4
 Armour: Robe              |     4 |     7 |    21 |    16 ||    48
         Troll leather arm |       |       |       |    14 ||    14
  Dodge: Dodged            |    22 |    12 |    62 |    81 ||   177
  Block: Buckler           |       |       |    24 |    39 ||    63

Table legend: (Time is in decaauts)
 A = Elapsed time spent in this place.
 B = Non-inter-level travel time spent in this place.
 C = Inter-level travel time spent in this place.
 D = Time resting spent in this place.
 E = Time spent auto-exploring this place.
 F = Levels seen in this place.
 G = Mean time per level.
                   A        B        C        D        E       F      G
               +--------+--------+--------+--------+--------+-----+--------+
         Total |  12640 |  11905 |    735 |    496 |   9847 |  12 | 1053.3 |
       Dungeon |  11646 |  10911 |    735 |    496 |   9084 |  10 | 1164.6 |
        Temple |      1 |      1 |      0 |      0 |      0 |   1 |    1.0 |
        Bailey |    992 |    992 |      0 |      0 |    763 |   1 |  992.0 |
               +--------+--------+--------+--------+--------+-----+--------+

Top non-repeatable levels by time:
     D:5: 1494 daAuts
     D:9: 1483 daAuts
     D:2: 1383 daAuts
     D:8: 1220 daAuts
     D:7: 1148 daAuts
     D:6: 1140 daAuts
     D:4: 1103 daAuts
  Bailey: 992 daAuts
    D:10: 969 daAuts
     D:3: 868 daAuts
     D:1: 834 daAuts
  Temple: 1 daAuts
